 Dungeon Crawl Stone Soup version 0.22-a0-354-g30dfbe6 (webtiles) character file.

201 Amnesiac the Grave Robber (level 5, -4/38 HPs)
             Began as a Mummy Necromancer on Apr 17, 2018.
             Slain by a gnoll
             ... wielding a +0 halberd
              (19 damage)
             ... on level 3 of the Dungeon.
             The game lasted 00:04:43 (2535 turns).

Amnesiac the Grave Robber (Mummy Necromancer)       Turns: 2535, Time: 00:04:44

Health: -4/38      AC:  5    Str: 11    XL:     5   Next: 50%
Magic:  0/10       EV: 13    Int: 15    God:
Gold:   138        SH:  0    Dex: 13    Spells: 7/11 levels left

rFire    x . .     SeeInvis .   j - +2 club
rCold    + . .     Gourm    .   (no shield)
rNeg     + + +     Faith    .   a - +0 robe
rPois    ∞         Spirit   .   (no helmet)
rElec    .         Reflect  .   c - scarf {repulsion}
rCorr    .         Harm     .   d - +1 pair of gloves
MR       +....                  i - +0 pair of boots
Stlth    ++........             (no amulet)
HPRegen  0.12/turn              b - ring of protection from magic
MPRegen  0.12/turn              (no ring)

@: repel missiles
A: no food or potions, fire vulnerability, cold resistance 1, negative energy
resistance 3, torment resistance, unbreathing
a: no special abilities


You were on level 3 of the Dungeon.
You were not hungry.

You visited 1 branch of the dungeon, and saw 3 of its levels.

You collected 138 gold pieces.

Inventory:

Hand Weapons
 j - a +2 club (weapon)
Armour
 a - a +0 robe (worn)
 c - a scarf of repulsion (worn)
 d - a +1 pair of gloves (worn)
 i - a +0 pair of boots (worn)
Jewellery
 b - a ring of protection from magic (left hand)
Scrolls
 e - a scroll of amnesia {!r, unknown}
 f - a scroll of random uselessness {!r, unknown}
 g - 2 scrolls of remove curse {!r, unknown}
 h - a scroll of blinking {!r}
 k - a scroll of magic mapping {!r}
 l - a scroll of identify {!r}
 m - a scroll of enchant armour {!r, unknown}


   Skills:
 + Level 1.8 Fighting
 * Level 3.0 Dodging
 - Level 1.5 Stealth
 + Level 3.7 Spellcasting
 * Level 5.1 Necromancy


You had 7 spell levels left.
You knew the following spells:

 Your Spells              Type           Power        Failure   Level  Hunger
a - Pain                  Necr           ###.         2%          1    N/A
d - Vampiric Draining     Necr           ###.......   7%          3    N/A

Dungeon Overview and Level Annotations

Branches:
Dungeon (3/15)

Altars:

Annotations:
D:3 2 transporters


Innate Abilities, Weirdness & Mutations

You do not eat or drink.
Your flesh is vulnerable to fire.
You are immune to poison.
Your flesh is cold resistant. (rC+)
You are immune to negative energy. (rN+++)
You are immune to unholy pain and torment.
You can survive without breathing.


Message History

Press: ? - help, Shift-Dir - straight line, f/p - gnoll
Aim: a gnoll, wielding a spear (almost dead, chance to defeat MR: 84%)
The gnoll barely resists.
The gnoll hits you from afar with a spear!
Casting: Pain (safe; 2% risk of failure)
Confirm with . or Enter, or press ? or * to list all spells.
Aiming: Pain (safe; 2% risk of failure)
Press: ? - help, Shift-Dir - straight line, f/p - gnoll
Aim: a gnoll, wielding a spear (almost dead, chance to defeat MR: 84%)
The gnoll barely resists.
The gnoll completely misses you.
Casting: Pain (safe; 2% risk of failure)
Confirm with . or Enter, or press ? or * to list all spells.
Aiming: Pain (safe; 2% risk of failure)
Press: ? - help, Shift-Dir - straight line, f/p - gnoll
Aim: a gnoll, wielding a spear (almost dead, chance to defeat MR: 84%)
The gnoll barely resists.
The gnoll hits you but does no damage.
Unknown command.
Casting: Pain (safe; 2% risk of failure)
Confirm with . or Enter, or press ? or * to list all spells.
Aiming: Pain (safe; 2% risk of failure)
Press: ? - help, Shift-Dir - straight line, f/p - gnoll
Aim: a gnoll, wielding a spear (almost dead, chance to defeat MR: 84%)
The gnoll barely resists.
The gnoll hits you but does no damage.
Unknown command.
Casting: Pain (safe; 2% risk of failure)
Confirm with . or Enter, or press ? or * to list all spells.
Aiming: Pain (safe; 2% risk of failure)
Press: ? - help, Shift-Dir - straight line, f/p - gnoll
Aim: a gnoll, wielding a spear (almost dead, chance to defeat MR: 84%)
The gnoll writhes in agony!
You kill the gnoll!
Your Dodging skill increases to level 3!
Unknown command.
The gnoll hits you from afar with a halberd.
Casting: Pain (safe; 2% risk of failure)
Confirm with . or Enter, or press ? or * to list all spells.
Aiming: Pain (safe; 2% risk of failure)
Press: ? - help, Shift-Dir - straight line, f - gnoll
Aim: a gnoll, wielding a halberd (chance to defeat MR: 84%)
The gnoll writhes in agony!
The gnoll hits you from afar with a halberd.
Casting: Pain (safe; 2% risk of failure)
Confirm with . or Enter, or press ? or * to list all spells.
Aiming: Pain (safe; 2% risk of failure)
Press: ? - help, Shift-Dir - straight line, f/p - gnoll
Aim: a gnoll, wielding a halberd (heavily wounded, chance to defeat MR: 84%)
The gnoll barely resists.
The gnoll hits you from afar with a halberd.
* * * LOW HITPOINT WARNING * * *
Casting: Pain (safe; 2% risk of failure)
Confirm with . or Enter, or press ? or * to list all spells.
Aiming: Pain (safe; 2% risk of failure)
Press: ? - help, Shift-Dir - straight line, f/p - gnoll
Aim: a gnoll, wielding a halberd (heavily wounded, chance to defeat MR: 84%)
The gnoll barely resists.
The gnoll barely misses you.
Casting: Pain (safe; 2% risk of failure)
Confirm with . or Enter, or press ? or * to list all spells.
Aiming: Pain (safe; 2% risk of failure)
Press: ? - help, Shift-Dir - straight line, f/p - gnoll
Aim: a gnoll, wielding a halberd (heavily wounded, chance to defeat MR: 84%)
The gnoll writhes in agony!
The gnoll hits you from afar with a halberd!!
Ouch! That really hurt!
You die...

#.# ##
####.########
...!.
#............
.....
#.##.########
.#### ##.##.##
#......#
######g#######.
#.........
#@######## #.#
#.# #.# #.# #.#
#.# #)#
#...g....


You could see a gnoll.

Vanquished Creatures
  Jessica (D:2)
  Terence (D:3)
  4 adders (D:2)
  5 gnolls
  An ooze (D:1)
  A worm (D:2)
  A dart slug (D:1)
  An orc (D:3)
  11 bats
  A giant cockroach (D:2)
  6 goblins
  5 hobgoblins
  3 jackals (D:2)
  6 kobolds
  2 quokkas (D:2)
  6 frilled lizards
  3 rats (D:2)
58 creatures vanquished.

Notes
Turn   | Place    | Note
-------+----------+-------------------------------------------
     0 | D:1      | Amnesiac the Mummy Necromancer began the quest for the Orb.
     0 | D:1      | Reached XP level 1. HP: 13/13 MP: 4/4
   546 | D:1      | Reached XP level 2. HP: 20/20 MP: 3/5
  1080 | D:2      | Reached XP level 3. HP: 25/25 MP: 1/7
  1082 | D:2      | Reached skill level 1 in Fighting
  1426 | D:2      | Reached XP level 4. HP: 28/32 MP: 0/8
  1492 | D:2      | Noticed Jessica
  1496 | D:2      | Killed Jessica
  1993 | D:2      | Learned a level 3 spell: Vampiric Draining
  2072 | D:2      | Reached XP level 5. HP: 38/38 MP: 3/10
  2234 | D:3      | Reached skill level 5 in Necromancy
  2255 | D:3      | Found a transporter.
  2265 | D:3      | Noticed Terence
  2274 | D:3      | Killed Terence
  2365 | D:3      | Found a transporter.
  2535 | D:3      | Slain by a gnoll

Vault maps used:
D:1:      elethiomel_arrival_quiet
D:2:      uniq_jessica
D:3:      gammafunk_steamed_eel, uniq_terence, uniq_robin

Skill      XL: |  1  2  3  4  5 |
---------------+----------------+-----
Dodging        | 2 3 |  3.0
Spellcasting   | 3 |  3.7
Fighting       | 1 |  1.8
Necromancy     | 5 |  5.1
Stealth        | |  1.5

Action                   |  1- 3 |  4- 6 || total
-------------------------+-------+-------++-------
Melee: Unarmed           |    22 |       ||    22
       Club              |       |     5 ||     5
 Cast: Pain              |    56 |    82 ||   138
  Use: Scroll            |       |     2 ||     2
Armor: Robe              |     9 |    10 ||    19
Dodge: Dodged            |    29 |    21 ||    50
       Deflected         |     1 |       ||     1

Table legend:
 A = Spawn XP
 B = Non-spawn XP
 C = Spawn XP percentage of total XP
 D = Spawn monster count
 E = Non-spawn monster count
 F = Spawn count percentage of total count
 G = Total turns spent on level
                    A         B        C        D         E        F      G
               +---------+---------+-------+---------+---------+-------+---------
         Total |       0 |     288 |   0.0 |       0 |      58 |   0.0 |  2535
               +---------+---------+-------+---------+---------+-------+---------
           D:1 |       0 |      30 |   0.0 |       0 |      12 |   0.0 |  1144
           D:2 |       0 |     177 |   0.0 |       0 |      34 |   0.0 |  1068
           D:3 |       0 |      81 |   0.0 |       0 |      12 |   0.0 |   323
               +---------+---------+-------+---------+---------+-------+---------
